 Dungeon Crawl Stone Soup version 0.20.0-10-g0535bb4 (webtiles) character file.

94 Monsterracer the Chopper (level 4, 35/35 HPs)
             Began as a Formicid Monk on June 5, 2017.
             Was a Believer of Trog.
             Quit the game on level 2 of the Dungeon.
             The game lasted 00:02:37 (1788 turns).

Monsterracer the Chopper (Formicid Monk)            Turns: 1788, Time: 00:02:38

Health: 35/35      AC:  8    Str: 15    XL:     4   Next: 94%
Magic:  4/4        EV: 13    Int: 10    God:    Trog [**....]
Gold:   63         SH:  0    Dex: 14    Spells: 3/3 levels left

rFire    . . .     SeeInvis +   a - +0 hand axe
rCold    . . .     Gourm    .   (no shield)
rNeg     . . .     Faith    .   b - +0 robe
rPois    .         Spirit   .   (helmet unavailable)
rElec    .         Reflect  .   (no cloak)
rCorr    .         Harm     .   (no gloves)
MR       .....                  i - +0 pair of boots
Stlth    ++........             (no amulet)
Regen    0.2/turn               e - ring of teleportation (curse)
MPRegen  0.1/turn               n - +5 ring of protection

@: no status effects
A: permanent stasis, dig shafts and tunnels, four strong arms, antennae 3
a: Dig, Shaft Self, Trog's Hand, Burn Spellbooks, Renounce Religion


You were on level 2 of the Dungeon.
You worshipped Trog.
Trog was pleased with you.
You were not hungry.

You visited 1 branch of the dungeon, and saw 2 of its levels.

You collected 63 gold pieces.

Inventory:

Hand Weapons
 a - a +0 hand axe (weapon)
Armour
 b - a +0 robe (worn)
 i - a +0 pair of boots (worn)
Jewellery
 e - a cursed ring of teleportation (left hand)
 n - a +5 ring of protection (right hand)
Scrolls
 d - 2 scrolls of identify {unknown}
 f - a scroll of enchant weapon {unknown}
 g - a scroll of fear {unknown}
 k - a scroll of magic mapping {unknown}
 m - a scroll of remove curse {unknown}
Comestibles
 c - 2 bread rations
 h - 2 royal jellies
 j - 2 meat rations


   Skills:
 - Level 3.2 Fighting
 + Level 5.2 Axes
 - Level 2.6 Dodging
 - Level 2.4 Stealth


You had 3 spell levels left.
You didn't know any spells.

Dungeon Overview and Level Annotations

Branches:
Dungeon (2/15)

Altars:
Okawaru
Trog


Innate Abilities, Weirdness & Mutations

You cannot be hasted, slowed, berserked, paralysed or teleported.
You can dig through walls and to a lower floor.
Your four strong arms can wield two-handed weapons with a shield.
You have a pair of large antennae on your head. (SInv)


Message History

You barely miss the leopard gecko.
The leopard gecko is heavily wounded.
The leopard gecko closely misses you. The leopard gecko barely misses you.
You slash the leopard gecko!
You kill the leopard gecko!
No target in view!
Found a stone staircase leading down.
HP restored.
Found a faded altar of an unknown god.
There is a faded altar of an unknown god here.
There is a stone staircase leading up here.
You sense a monster nearby.
There is a stone staircase leading up here.
There is a faded altar of an unknown god here.
You cannot tell which god this altar belongs to.
Convert to them anyway?
Trog accepts your prayer! Trog welcomes you!
You can now call upon Trog for regeneration and protection from hostile enchantments.
You can now call upon Trog to burn spellbooks in your surroundings.
Are you sure you want to abandon this character and quit the game? (Confirm with "yes".)

... .... .... ### ###
>....
####.###.#######.....
#...#.#@#.#..........
#.####.###.##..#####
#.# ########..#
#.#####.# #..#
#.......######.+
#######....# #.#
####.# #.#
#<###.###+###
#.##......... #


There were no monsters in sight!

Vanquished Creatures
  Jessica (D:2)
  2 adders (D:2)
  An ooze (D:2)
  3 worms (D:2)
  A dart slug (D:1)
  2 leopard geckos
  A ball python (D:2)
  4 bats
  A giant cockroach (D:2)
  2 goblins
  4 hobgoblins
  4 jackals (D:1)
  A frilled lizard (D:2)
  3 kobolds
  6 rats
36 creatures vanquished.

Notes
Turn   | Place    | Note
-------+----------+-------------------------------------------
     0 | D:1      | Monsterracer the Formicid Monk began the quest for the Orb.
     0 | D:1      | Reached XP level 1. HP: 18/18 MP: 1/1
   185 | D:1      | Reached XP level 2. HP: 24/24 MP: 2/2
   837 | D:1      | Reached skill level 4 in Axes
   837 | D:1      | Reached XP level 3. HP: 29/29 MP: 3/3
  1384 | D:2      | Found an iron altar of Okawaru.
  1403 | D:2      | Reached XP level 4. HP: 35/35 MP: 4/4
  1697 | D:2      | Noticed Jessica
  1699 | D:2      | Killed Jessica
  1699 | D:2      | Reached skill level 5 in Axes
  1728 | D:2      | Found a faded altar of an unknown god.
  1787 | D:2      | Became a worshipper of Trog the Wrathful
  1787 | D:2      | Reached * piety under Trog
  1787 | D:2      | Reached ** piety under Trog
  1788 | D:2      | Quit the game

Skill      XL: |  1  2  3  4 |
---------------+-------------+-----
Axes           | 4 5 |  5.2
Fighting       | |  3.2
Dodging        | |  2.6
Stealth        | |  2.4

Action                   |  1- 3 |  4- 6 || total
-------------------------+-------+-------++-------
Melee: Hand axe          |   106 |    18 ||   124
  Use: Potion            |     2 |       ||     2
 Stab: Sleeping          |     6 |     2 ||     8
  Eat: Chunk             |     1 |     2 ||     3
Armor: Robe              |    26 |     3 ||    29
Dodge: Dodged            |    81 |    10 ||    91
